 Dungeon Crawl Stone Soup version 0.16-a0-2921-g3a24241 (webtiles) character file.

128 Kemay the Ducker (level 5, -1/33 HPs)
             Began as an Octopode Transmuter on Dec 2, 2014.
             Slain by Kemay's ghost (2 damage)
             ... on level 3 of the Dungeon.
             The game lasted 00:12:04 (3568 turns).

Kemay the Ducker (Octopode Transmuter)              Turns: 3568, Time: 00:12:04

Health: -1/33      AC:  1    Str:  9    XL:     5   Next: 12%
Magic:  9/9        EV: 15    Int: 16    God:
Gold:   191        SH:  0    Dex: 15    Spells: 1 memorised, 7 levels left

rFire  . . .     SeeInvis .     k - +0 spear
rCold  . . .     Clarity  .     (no shield)
rNeg   . . .     SustAb   .     (helmet restricted)
rPois  .         Gourm    .     (no amulet)
rElec  .         Spirit   .     f - +2 ring of dexterity
rCorr  .         Warding  .     b - ring of flight
rMut   .         Stasis   .     l - ring of teleport control
MR     .....                    (no ring)
Stlth  ++........               (no ring)
                                (no ring)
                                (no ring)
                                (no ring)

@: not resistant to hostile enchantments, unstealthy
A: almost no armour, amphibious, 8 rings, constrict 8, camouflage 1, gelatinous
body 1
a: Evoke Flight, Evoke Teleport Control


You were on level 3 of the Dungeon.
You were not hungry.

You visited 1 branch of the dungeon, and saw 3 of its levels.

You collected 191 gold pieces.

Inventory:

Hand weapons
 k - a +0 spear (weapon)
Jewellery
 b - a ring of flight (right tentacle)
 f - a +2 ring of dexterity (left tentacle)
 j - an uncursed amulet of regeneration
 l - a ring of teleport control (on tentacle)
Magical devices
 m - a wand of random effects (22)
Scrolls
 e - 2 scrolls of remove curse
 n - a scroll of amnesia
Books
 d - a book of Changes

   Spells                             Type                      Level
   a - Beastly Appendage              Transmutation                1
   b - Sticks to Snakes               Transmutation                2
   c - Spider Form                    Transmutation/Poison         3
   d - Ice Form                       Ice/Transmutation            4
   e - Blade Hands                    Transmutation                5
Comestibles
 a - a bread ration
 g - a beef jerky
 h - 3 meat rations
 i - 4 chunks of flesh
 o - a royal jelly


   Skills:
 + Level 1.2 Fighting
 - Level 5.0 Dodging
 + Level 3.1 Unarmed Combat
 - Level 2.0 Spellcasting
 - Level 2.0 Transmutations


You had 7 spell levels left.
You knew the following spells:

 Your Spells              Type           Power        Failure   Level  Hunger
a - Beastly Appendage     Trmt           #.....       10%         1    #......


Dungeon Overview and Level Annotations

Branches:
Dungeon (3/15)

Altars:

Annotations:
D:3 Kemay's ghost, average SpAs


Innate Abilities, Weirdness & Mutations

You cannot wear most types of armour.
You are amphibious.
You can wear up to eight rings at the same time.
You can use your tentacles to constrict many enemies at once.
Your skin changes colour to match your surroundings (Stealth).
Your rubbery body absorbs attacks (AC +1).


Message History

Kemay's ghost is lightly damaged.
Kemay's ghost barely misses you.
You barely miss Kemay's ghost.
Kemay's ghost is lightly damaged.
Kemay's ghost hits you.
* * * LOW HITPOINT WARNING * * *
You hit Kemay's ghost.
Kemay's ghost is moderately damaged.
Kemay's ghost misses you.
You barely miss Kemay's ghost.
Kemay's ghost is moderately damaged.
Kemay's ghost hits you.
* * * LOW HITPOINT WARNING * * *
Kemay's ghost shrieks, "What do you have that I didn't have?"
Kemay's ghost hits you.
* * * LOW HITPOINT WARNING * * *
You completely miss Kemay's ghost.
Kemay's ghost is moderately damaged.
Kemay's ghost hits you.
You die...

.........#,#.#..##.########...#
#........#,#.#.###.# ##..#
##.....#...#...###.##### ##.#
,##...##***#####....>..# #.#
,###'## #.#.###.# #.# ,#....#
#.#.# #.# #.# .###..# ###.#.#
#.# #.### ......# #...W.# #.#
#.... ####..## *,#@#####.#
##### .......# *,#.......##
......#### *,#######..#
##[#.#...#####.* ##.#
#.#.#.........* #.##
#...)...######* #..# ###.#####
##.# #.# #.# #.# #.#


You could see Kemay's ghost.

Vanquished Creatures
  An iguana (D:3)
  2 adders
  2 giant mites
  3 worms
  A giant gecko (D:1)
  2 oozes
  An orc (D:3)
  A ball python (D:1)
  3 giant cockroaches
  7 goblins
  4 hobgoblins
  3 jackals
  6 kobolds
  4 bats
  3 giant newts
  6 rats
49 creatures vanquished.

Notes
Turn   | Place    | Note
--------------------------------------------------------------
     0 | D:1      | Kemay, the Octopode Transmuter, began the quest for the Orb.
     0 | D:1      | Reached XP level 1. HP: 13/13 MP: 3/3
   327 | D:1      | Reached XP level 2. HP: 11/18 MP: 2/4
   996 | D:1      | Reached XP level 3. HP: 23/23 MP: 4/6
  1760 | D:2      | HP: 1/23 [worm (11)]
  1761 | D:2      | Reached skill level 4 in Dodging
  2087 | D:2      | Reached XP level 4. HP: 28/28 MP: 5/7
  2982 | D:3      | Reached skill level 5 in Dodging
  3015 | D:3      | Reached XP level 5. HP: 33/33 MP: 7/9
  3160 | D:3      | Noticed Kemay's ghost (average SpAs)
  3567 | D:3      | HP: 1/33 [Kemay's ghost (1)]
  3568 | D:3      | Slain by Kemay's ghost

Action                   |  1- 3 |  4- 6 || total
-------------------------+-------+-------++-------
Melee: Unarmed           |    65 |       ||    65
       Spear             |    13 |    80 ||    93
 Cast: Beastly Appendage |    21 |    11 ||    32
Evoke: Wand              |       |     3 ||     3
  Use: Scroll            |     5 |     1 ||     6
       Potion            |       |     1 ||     1
 Stab: Sleeping          |       |     2 ||     2
  Eat: Chunk             |     2 |     5 ||     7
       Pizza             |     1 |       ||     1
